 Dungeon Crawl Stone Soup version 0.21.1-1-g345015fe64 (webtiles) character file.

126 Foic the Covered (level 4, 0/41 HPs)
             Began as a Minotaur Fighter on June 15, 2018.
             Succumbed to a kobold's poison
             ... on level 3 of the Dungeon.
             The game lasted 00:07:25 (2128 turns).

Foic the Covered (Minotaur Fighter)                 Turns: 2128, Time: 00:07:25

Health: 0/41       AC:  7    Str: 22    XL:     4   Next: 83%
Magic:  3/3        EV:  8    Int:  5    God:
Gold:   102        SH:  9    Dex:  9    Spells: 3/3 levels left

rFire    . . .     SeeInvis .   a - +0 war axe
rCold    . . .     Gourm    .   c - +0 shield
rNeg     . . .     Faith    .   b - +0 scale mail
rPois    .         Spirit   .   (helmet restricted)
rElec    .         Reflect  .   (no cloak)
rCorr    .         Harm     .   (no gloves)
MR       .....                  (no boots)
Stlth    ..........             (no amulet)
HPRegen  0.13/turn              (no ring)
MPRegen  0.08/turn              (no ring)

@: lethally poisoned (0 -> -10), berserk cooldown, slowed, very slow
A: retaliatory headbutt, horns 2
a: no special abilities


You were on level 3 of the Dungeon.
You were not hungry.

You visited 1 branch of the dungeon, and saw 3 of its levels.

You collected 102 gold pieces.

Inventory:

Hand Weapons
 a - a +0 war axe (weapon)
Missiles
 h - 120 stones (quivered)
Armour
 b - a +0 scale mail (worn)
 c - a +0 shield (worn)
 o - a +0 plate armour
 q - a +0 large shield
Wands
 p - a wand of paralysis (8)
Scrolls
 g - a scroll of remove curse {unknown}
 i - a scroll of fear {unknown}
 k - a scroll of magic mapping {unknown}
 n - 2 scrolls of identify {unknown}
 r - a scroll of enchant weapon {unknown}
Potions
 d - 4 potions of might
 e - a potion of berserk rage
 j - 3 potions of lignification
 m - a potion of flight
Comestibles
 f - 3 rations
 l - 2 chunks of flesh


   Skills:
 + Level 4.3 Fighting
 + Level 3.9 Axes
 + Level 4.8 Armour
 + Level 1.0 Dodging
 + Level 4.2 Shields


You had 3 spell levels left.
You didn't know any spells.

Dungeon Overview and Level Annotations

Branches:
Dungeon (3/15)

Altars:
Ashenzari
Ru

Annotations:
D:3 Sigmund


Innate Abilities, Weirdness & Mutations

You reflexively headbutt those who attack you in melee.
You have a pair of horns on your head.


Message History

* * * LOW HITPOINT WARNING * * *
A red film seems to cover your vision as you go berserk!
You feel yourself moving faster!
You feel mighty!
* * * LOW HITPOINT WARNING * * *
You feel sick.
The orc priest begins to cast a cantrip, but forgets the words!
You feel a strong urge to attack something.
* * * LOW HITPOINT WARNING * * *
You feel sick.
Found a leather armour.
You feel your anger nearly subside.
You are no longer berserk.
You are exhausted.
You feel yourself slow down.
* * * LOW HITPOINT WARNING * * *
You feel sick.
* * * LOW HITPOINT WARNING * * *
You feel sick.
* * * LOW HITPOINT WARNING * * *
You feel sick.
You die...

#.#....#####
#..o.......#
##..lKK..##.# ##
#...#.......###....
##.#.#..##.......#
...#....##.##.##.#
.[............#
#..........##.#
#..#..#@##.##.#
#..#..........# #.
##.#.##.####
..##.#.##.#
.........#
##.....## #.....#
#.....#
######.....#


You could see an orc priest, a leopard gecko and 2 kobolds.

Vanquished Creatures
  Terence (D:2)
  An adder (D:2)
  4 gnolls
  A worm (D:2)
  A dart slug (D:2)
  A leopard gecko (D:3)
  2 ball pythons (D:2)
  8 bats
  3 giant cockroaches
  8 goblins
  2 hobgoblins
  4 jackals (D:1)
  5 kobolds
  5 frilled lizards
  5 rats
51 creatures vanquished.

Notes
Turn   | Place    | Note
-------+----------+-------------------------------------------
     0 | D:1      | Foic the Minotaur Fighter began the quest for the Orb.
     0 | D:1      | Reached XP level 1. HP: 19/19 MP: 0/0
   211 | D:1      | Reached XP level 2. HP: 25/27 MP: 1/1
  1027 | D:2      | Reached XP level 3. HP: 33/33 MP: 2/2
  1270 | D:2      | Reached XP level 4. HP: 26/40 MP: 3/3
  1488 | D:2      | Found a sacrificial altar of Ru.
  1608 | D:2      | Noticed Terence
  1619 | D:2      | Killed Terence
  1827 | D:2      | Reached skill level 1 in Dodging
  2089 | D:3      | Found a shattered altar of Ashenzari.
  2095 | D:3      | Noticed Sigmund
  2127 | D:3      | HP: 2/41 [poisoned by a kobold]
  2128 | D:3      | Succumbed to a kobold's poison

Skill      XL: |  1  2  3  4 |
---------------+-------------+-----
Armour         | 4 |  4.8
Fighting       | 4 |  4.3
Axes           | 3 |  3.9
Shields        | 4 |  4.2
Dodging        | 1 |  1.0

Action                   |  1- 3 |  4- 6 || total
-------------------------+-------+-------++-------
Melee: War axe           |    70 |    42 ||   112
       Headbutt          |    11 |     3 ||    14
Throw: Stone             |     1 |       ||     1
  Use: Potion            |     5 |     5 ||    10
  Eat: Chunk             |     1 |     3 ||     4
Armor: Scale mail        |    32 |    24 ||    56
Dodge: Dodged            |    33 |    18 ||    51
Block: Shield            |    28 |    17 ||    45
